 Seeded DCSS version 0.30.1-4-g462c640d31 (webtiles) character file.

Game seed: 6351066067085065685 (custom seed)

1754 Esekla the Reanimator (level 8, -6/41 HPs)
             Began as a Deep Elf Necromancer on Aug 27, 2023.
             Was a Believer of Vehumet.
             Mangled by Joseph
             ... wielding a +0 quarterstaff
              (19 damage)
             ... on level 7 of the Dungeon.
             The game lasted 00:33:42 (5317 turns).

Esekla the Reanimator (Deep Elf Necromancer)        Turns: 5317, Time: 00:33:42

Health: -6/41      AC:  4    Str:  5    XL:     8   Next: 78%
Magic:  16/21      EV: 15    Int: 23    God:    Vehumet [**....]
Gold:   337        SH:  0    Dex: 18    Spells: 13/22 levels left

rFire   . . .        s - +5 rapier of the Hero {heavy, rN+ Dex+3}
rCold   . . .        (no shield)
rNeg    + . .        l - +0 robe
rPois   .            j - +0 helmet
rElec   .            (no cloak)
rCorr   .            C - +0 pair of gloves
SInv    .            (no boots)
Will    +....        y - amulet of magic regeneration
Stlth   +++          (no ring)
HPRegen 0.26/turn    (no ring)
MPRegen 0.57/turn

%: no passive effects
@: no status effects
A: deterioration 1, strong-willed 1
a: Renounce Religion


You were on level 7 of the Dungeon.
You worshipped Vehumet.
Vehumet was pleased with you.
You visited 1 branch of the dungeon, and saw 8 of its levels.

You collected 337 gold pieces.

Inventory:

Hand Weapons
 a - a +2 vampiric dagger
 c - a +4 scimitar
 r - a +4 trident of venom
 s - the +5 rapier of the Hero (weapon) {heavy, rN+ Dex+3}
   (You found it on level 3 of the Dungeon)

   Dex:       It affects your dexterity (+3).
   rN:        It protects you from negative energy.
Missiles
 H - 3 curare-tipped darts (quivered)
Armour
 j - a +0 helmet (worn)
 l - a +0 robe (worn)
 C - a +0 pair of gloves (worn)
 F - a +0 buckler
Jewellery
 y - an amulet of magic regeneration (around neck)
Wands
 p - a wand of roots (10)
 B - a wand of flame (8)
Scrolls
 f - 5 scrolls of identify {unknown}
 h - a scroll of silence {unknown}
 k - a scroll of magic mapping {unknown}
 m - 2 scrolls of amnesia {unknown}
 n - a scroll of immolation {unknown}
 q - 2 scrolls of blinking {unknown}
 t - 2 scrolls of fog {unknown}
 v - a scroll of enchant armour {unknown}
 w - 3 scrolls of enchant weapon {unknown}
 x - a scroll of summoning {unknown}
 A - 2 scrolls of fear
 D - a scroll of teleportation {unknown}
 G - 3 scrolls of noise {unknown}
Potions
 b - a potion of magic
 d - 2 potions of ambrosia {unknown}
 e - 5 potions of attraction {unknown}
 g - 2 potions of heal wounds {unknown}
 i - 6 potions of curing
 o - 3 potions of brilliance {unknown}
 z - a potion of lignification {unknown}
 E - a potion of haste


   Skills:
 + Level 2.8 Short Blades
 + Level 0.7 Throwing
 * Level 5.9 Dodging
 + Level 3.6 Stealth
 * Level 0.5 Shields
 * Level 7.8 Spellcasting
 * Level 2.4 Conjurations
 * Level 9.0 Necromancy
 * Level 3.6 Translocations
 + Level 0.3 Evocations


You had 13 spell levels left.
You knew the following spells:

 Your Spells              Type           Power      Damage    Failure   Level
a - Magic Dart            Conj           80%        1d7       2%          1
b - Kiss of Death         Conj/Necr      100%       2d13      1%          1
c - Necrotise             Necr           100%       1d9       1%          1
d - Vampiric Draining     Necr           50%        2d9       1%          3
t - Teleport Other        Tloc           25%        N/A       4%          3

Your spell library contained the following spells:

 Spells                   Type           Power      Damage    Failure   Level
 Momentum Strike          Conj/Tloc      46%        3d9       3%          2
 Animate Dead             Necr           50%        N/A       1%          4
 Lesser Beckoning         Tloc           50%        N/A       2%          2
 Gell's Gravitas          Tloc           25%        N/A       4%          3
 Agony                    Necr           50%        N/A       4%          5
 Spider Form              Tmut/Pois      9%         N/A       22%         3
 Cause Fear               Hex            4%         N/A       56%         4
 Summon Mana Viper        Hex/Summ       9%         N/A       89%         5


Dungeon Overview and Level Annotations

Branches:
Dungeon (8/15)
 Temple: D:4-7         Lair: D:8-11

Altars:
Dithmenos
Hepliaklqana
Okawaru
Qazlal
Trog
Vehumet
Zin
The Shining One

Shops:
D:2 =   D:4 (

Annotations:
D:7 Joseph, Menkaure


Innate Abilities, Weirdness & Mutations

Your body sometimes deteriorates upon taking damage.
You are strong-willed. (Will+)


Message History

Press: ? - help, Q - select action, (/) - cycle Shift-Dir - straight line, f/p - Joseph
Aim: Joseph, wielding a +0 sling and wearing a +0 leather armour (slow, 60% to hit)
You throw a poisoned dart. The poisoned dart hits Joseph.
Joseph is poisoned.
Joseph shoots a sling bullet.
The sling bullet barely misses you.
Throw: dart (poison)
Press: ? - help, Q - select action, (/) - cycle Shift-Dir - straight line, p - Joseph You can't see that place. [a rock wall.]
You can't see that place.
Okay, then.
Throw: dart (poison)
Press: ? - help, Q - select action, (/) - cycle Shift-Dir - straight line, f - Joseph
Aim: Joseph, wielding a +0 sling and wearing a +0 leather armour (poisoned, slow, 60% to hit)
You throw a poisoned dart. The poisoned dart barely misses Joseph.
Throw: 4 darts (curare)
Press: ? - help, Q - select action, (/) - cycle Shift-Dir - straight line, f/p - Joseph
Aim: Joseph, wielding a +0 sling and wearing a +0 leather armour (lightly wounded, poisoned, slow, 60% to hit)
You throw a curare-tipped dart.
The curare-tipped dart closely misses Joseph.
Joseph shoots a sling bullet.
The sling bullet hits you!
There is a stone staircase leading up here.
You start resting.
Joseph is nearby!
Casting: Magic Dart (safe; 2% risk of failure)
Confirm with . or Enter, or press ? or * to list all spells.
Aiming: Vampiric Draining (safe; 1% risk of failure)
Press: ? - help, Shift-Dir - straight line, f/p - Joseph
Aim: Joseph, wielding a +0 sling and wearing a +0 leather armour (lightly wounded)
You draw life force from Joseph!
You feel life coursing into your body.
Joseph unwields a +0 sling.
Joseph wields a +0 quarterstaff.
Joseph hits you with a +0 quarterstaff!
* * * LOW HITPOINT WARNING * * *
Casting: Vampiric Draining (safe; 1% risk of failure)
Confirm with . or Enter, or press ? or * to list all spells.
Aiming: Vampiric Draining (safe; 1% risk of failure)
Press: ? - help, Shift-Dir - straight line, f/p - Joseph
Aim: Joseph, wielding a +0 quarterstaff and wearing a +0 leather armour (lightly wounded)
You draw life force from Joseph.
You feel life coursing into your body.
Joseph hits you with a +0 quarterstaff!!
You die...

.........########################
.........'.......[)..............
.........#.(..#################'#
..#####+##....# #####.... ..#
#.)..# #(..'.... ..#
#....######## #.###.... ### #.
#............ #.# ##### ####.
#.....####### #.#
.....#######.#@....# #.#
.........##.##@#..#.##.######
....[....@..................#
@#...(.#####.####..######.#
#.....#.<)....##..# #.#
#.....#.###.#.##..# #.##
#.....#.# #.#.##..# #...
#.....#.# #.#)##..########.
#.....#.###.#.##...........


You could see Joseph.

Vanquished Creatures
  An ice beast (D:6)
  A sky beast (D:6)
  A black bear (D:2)
  2 ogres
  A centaur (D:7)
  A phantom (D:7)
  Blork the orc (D:6)
  A gnoll sergeant (D:7)
  A bullfrog (D:7)
  2 scorpions (D:5)
  3 wights (D:7)
  A gnoll bouda (D:3)
  4 hounds
  A sleepcap (D:5)
  5 iguanas
  An orc wizard (D:7)
  16 gnolls
  9 adders
  3 white imps
  An ufetubus (D:6)
  A worm (D:4)
  3 dart slugs
  13 orcs
  6 ball pythons
  4 endoplasms
  8 goblins
  5 hobgoblins
  A quokka (D:1)
  4 bats
  4 frilled lizards
  5 kobolds
  A rat (D:2)
111 creatures vanquished.

Vanquished Creatures (others)
  An orc (D:8)
1 creature vanquished.

Grand Total: 112 creatures vanquished

Notes
Turn   | Place    | Note
-------+----------+-------------------------------------------
     0 | D:1      | Esekla the Deep Elf Necromancer began the quest for the
                  | Orb.
     0 | D:1      | Reached XP level 1. HP: 10/10 MP: 6/6
   293 | D:2      | Noticed a black bear
   375 | D:2      | Found Renulab's Jewellery Shop.
   482 | D:4      | Found a radiant altar of Vehumet.
   494 | D:4      | Found an iron altar of Okawaru.
   506 | D:4      | Found a glowing silver altar of Zin.
   589 | D:4      | Became a worshipper of Vehumet
   645 | D:4      | Reached skill level 5 in Necromancy
   726 | D:3      | Reached XP level 2. HP: 15/15 MP: 8/8
   978 | D:3      | Identified the +5 rapier of the Hero {heavy, rN+ Dex+3}
  1182 | D:1      | Reached XP level 3. HP: 16/19 MP: 9/9
  1201 | D:1      | Learned a level 3 spell: Vampiric Draining
  1324 | D:1      | Reached * piety under Vehumet
  1324 | D:1      | Offered knowledge of Kiss of Death by Vehumet.
  1336 | D:1      | Learned a level 1 spell: Kiss of Death
  1367 | D:1      | Learned a level 3 spell: Teleport Other
  1431 | D:1      | Reached skill level 1 in Short Blades
  1507 | D:2      | Reached XP level 4. HP: 23/24 MP: 4/11
  1575 | D:2      | Found a faded altar of an unknown god.
  1674 | D:2      | Killed a black bear
  1675 | D:2      | Reached skill level 1 in Translocations
  1675 | D:2      | Reached XP level 5. HP: 23/28 MP: 6/13
  2273 | D:3      | Found a stormy altar of Qazlal.
  2276 | D:3      | Found a hazy altar of Hepliaklqana.
  2276 | D:3      | Found a bloodstained altar of Trog.
  2526 | D:4      | Found Ponaysk's Antique Weapon Boutique.
  2689 | D:4      | Found a glowing golden altar of the Shining One.
  2770 | D:4      | Reached XP level 6. HP: 32/32 MP: 12/14
  2812 | D:4      | Reached skill level 6 in Necromancy
  2881 | D:4      | Gained mutation: You are strong-willed. (Will+) [potion of
                  | mutation]
  2881 | D:4      | Gained mutation: Your body sometimes deteriorates upon
                  | taking damage. [potion of mutation]
  3299 | D:4      | Reached ** piety under Vehumet
  3303 | D:4      | Offered knowledge of Magic Dart by Vehumet.
  3322 | D:4      | Learned a level 1 spell: Magic Dart
  3394 | D:5      | Entered Level 5 of the Dungeon
  3402 | D:5      | Got the Parchment of the Lumpy Olives
  3418 | D:5      | Found a shadowy altar of Dithmenos.
  3591 | D:5      | Reached XP level 7. HP: 30/36 MP: 6/16
  3781 | D:5      | Reached skill level 5 in Spellcasting
  3925 | D:6      | Reached skill level 5 in Dodging
  3925 | D:6      | Reached skill level 1 in Conjurations
  3925 | D:6      | Reached skill level 7 in Necromancy
  4449 | D:6      | Reached XP level 8. HP: 41/41 MP: 16/19
  4451 | D:6      | Noticed Blork the orc
  4481 | D:6      | Killed Blork the orc
  4672 | D:6      | You fall into a shaft and drop 1 floor!
  4692 | D:7      | Reached skill level 8 in Necromancy
  5018 | D:7      | Noticed Menkaure
  5173 | D:7      | Noticed Joseph
  5228 | D:7      | Offered knowledge of Momentum Strike by Vehumet.
  5247 | D:7      | Reached skill level 9 in Necromancy
  5317 | D:7      | Mangled by Joseph

Illustrated notes

Levels and vault maps discovered:
D:1:      sevenhm_arrival_forest_fort_small_3, layout_rooms,
          chequers_serial_rivers_room_b, minmay_misc_feat_five
D:2:      layout_loops_ring, dreamdust_ecumenical_altar_angels_and_demons,
          serial_shops, shop
D:3:      layout_basic, grunt_temple_overflow_open, minmay_misc_feat_iff
D:4:      layout_basic, nicolae_overflow_quartered_altars, serial_shops,
          nicolae_diamond_shop
D:5:      layout_loops_ring, lemuel_doored_altar, minmay_misc_feat_rows,
          dreamdust_wishing_well
D:6:      layout_loops_cross, fedhas_altar_fruit_tree,
          minmay_temple_entry_glass, uniq_pikel, uniq_blork_the_orc
D:7:      layout_basic, uniq_menkaure, uniq_joseph, uniq_crazy_yiuf_cottage
D:8:      layout_basic, nicolae_uskayaw_dance_hall, serial_demonic,
          serial_demonic_d, serial_demonic_a, serial_demonic_c,
          serial_demonic_c, nicolae_diode_quadrants

Skill      XL: |  1  2  3  4  5  6  7  8 |
---------------+-------------------------+-----
Necromancy     | 5 6 7 9 |  9.0
Dodging        | 3 4 5 |  5.9
Short Blades   | 1 2 |  2.8
Stealth        | 3 |  3.6
Spellcasting   | 4 6 7 |  7.8
Translocations | 1 2 3 |  3.6
Conjurations   | 1 2 |  2.4
Throwing       | |  0.7
Shields        | |  0.5
Evocations     | |  0.3

Action                     |  1- 3 |  4- 6 |  7- 9 || total
---------------------------+-------+-------+-------++-------
  Melee: Short sword       |    96 |    85 |       ||   181
         Unarmed           |     9 |       |       ||     9
         Dagger            |       |    57 |    58 ||   115
         Rapier            |       |       |    20 ||    20
  Throw: Dart              |       |    18 |    21 ||    39
   Cast: Vampiric Draining |     4 |    30 |    32 ||    66
         Magic Dart        |       |       |    32 ||    32
         Teleport Other    |       |       |     6 ||     6
  Evoke: Wand              |       |       |    12 ||    12
    Use: Scroll            |     1 |       |       ||     1
         Potion            |       |     2 |       ||     2
   Stab: Sleeping          |     4 |     2 |     6 ||    12
         Distracted        |     1 |       |       ||     1
 Armour: Robe              |    28 |    25 |    14 ||    67
  Dodge: Dodged            |    65 |   102 |    80 ||   247
